Map: Bel'Shir Vestige LE (Void)

Players

YamiYugi - Winner!

  • Race: Zerg Zerg
  • League: Diamond
  • Spawn Location: 11:00

Musumeci

  • Race: Zerg Zerg
  • League: Diamond
  • Spawn Location: 5:00

VOD

Have the link to the VOD?

Description

Time

  • Played on: March 12, 2017, 6:45 a.m.
  • Length: 6:38
Show
View Real Time Build Order
Export as new Build Order

YamiYugi Zerg - Winner!

Build Orders: Hatch First 

Get SALT Encoding   

  12  0:01  Drone  
  13  0:12  Overlord  
  13  0:16  Drone  
  14  0:32  Drone x2  
  16  0:39  Drone  
  17  0:54  Hatchery  
  16  1:05  Spawning Pool  
  16  1:10  Drone, Extractor  
  15  1:14  Drone  
  16  1:19  Drone  
  17  1:27  Drone  
  18  1:36  Drone  
  19  1:52  Queen  
  19  1:53  Zergling x2  
  22  1:56  Overlord  
  22  2:05  Queen  
  22  2:06  Zergling x4  
  26  2:13  Metabolic Boost  
  26  2:22  Drone x2  
  28  2:42  Spine Crawler  
  28  2:43  Queen  
  30  2:44  Drone x2  
  30  2:45  Drone  
  32  2:59  Drone x3  
  32  3:00  Drone  
  32  3:03  Overlord  
  36  3:21  Overlord x2  
  36  3:35  Roach Warren  
  36  3:37  Drone  
  36  3:38  Drone x2, Evolution Chamber, Extractor  
  37  3:41  Zergling x8  
  40  3:50  Drone x3  
  42  4:05  Zerg Missile Weapons Level 1  
  42  4:07  Drone x5  
  46  4:15  Roach  
  48  4:19  Roach  
  48  4:21  Overlord x2  
  50  4:29  Spine Crawler  
  49  4:32  Drone  
  49  4:34  Spine Crawler  
  43  4:49  Roach x5  
  43  4:50  Roach x2  
  56  4:56  Lair  
  56  5:11  Roach x5  
  56  5:13  Overlord  
  66  5:26  Roach  
  68  5:33  Roach x4  
  68  5:35  Overlord x2  
  76  5:50  Overlord  
  76  5:58  Drone x4  
  76  5:59  Roach x2  
  76  6:03  Roach x3  
  90  6:11  Roach x2  
Show
View Real Time Build Order
Export as new Build Order

Musumeci Zerg 

Build Orders: 3 Hatch before Pool 

Get SALT Encoding   

  12  0:07  Drone  
  13  0:10  Drone  
  14  0:16  Extractor  
  14  0:17  Drone  
  14  0:18  Extractor  
  15  0:42  Hatchery  
  15  0:52  Hatchery  
  14  1:03  Overlord  
  14  1:04  Drone, Extractor  
  13  1:08  Drone, Extractor  
  15  1:19  Evolution Chamber  
  14  1:31  Spawning Pool  
  14  1:43  Drone x3  
  17  1:56  Drone  
  18  2:18  Metabolic Boost  
  18  2:19  Queen  
  18  2:21  Queen  
  22  2:27  Drone  
  22  2:29  Zergling x2  
  24  2:40  Overlord  
  24  3:04  Zergling x6  
  24  3:05  Zergling x6  
  29  3:25  Drone  
  29  3:26  Drone, Baneling Nest  
  31  3:34  Zergling x12  
  31  3:38  Overlord  
  35  4:02  Zergling x10  
  35  4:11  Baneling x2  
  35  4:19  Zergling x2  
  35  4:23  Overlord x2  
  26  4:51  Drone x7  
  32  4:59  Drone  
  36  5:00  Drone x5  
  38  5:14  Hatchery  
  37  5:17  Extractor  
  37  5:19  Drone x2  
  37  5:20  Extractor  
  36  5:28  Roach Warren  
  35  5:58  Drone  
  35  5:59  Drone  
  35  6:03  Evolution Chamber  
  36  6:10  Roach x4  
  36  6:11  Roach x2  
Tags
 
Add a new tag
Caveats
  • Supply blocks, unpowered buildings, or Contaminate may cause inaccurate times.
  • Supply counts are checked every 10 seconds.